 Dungeon Crawl Stone Soup version 0.23.2 (webtiles) character file.

Game seed: 2647076305303389890

3186 Marnok the Cruncher (level 9, -6/71 HPs)
             Began as a Demonspawn Gladiator on Apr 1, 2019.
             Was a Follower of Okawaru.
             Splashed by a jelly's acid (7 damage)
             ... on level 9 of the Dungeon.
             The game lasted 00:27:54 (6305 turns).

Marnok the Cruncher (Demonspawn Gladiator)          Turns: 6305, Time: 00:27:58

Health: -6/71      AC:  5    Str: 17    XL:     9   Next: 64%
Magic:  0/9        EV: 15    Int: 11    God:    Okawaru [*.....]
Gold:   108        SH:  0    Dex: 16    Spells: 8/8 levels left

rFire    . . .     SeeInvis +   e - +3 quarterstaff (chaos)
rCold    . . .     Gourm    .   (shield currently unavailable)
rNeg     + . .     Faith    .   y - +0 leather armour of the Trilobite {+Blink Int+2}
rPois    .         Spirit   +   (helmet restricted)
rElec    +         Reflect  .   s - +0 cloak "Asuo" {rElec rN+ SInv}
rCorr    .         Harm     .   (no gloves)
MR       .....                  (no boots)
Stlth    ++........             r - amulet of rage
HPRegen  0.21/turn              w - ring of stealth
MPRegen  0.22/turn              (no ring)

@: confused, lethally poisoned (-6 -> -7), hasted, very quick
A: horns 2, rugged brown scales 1, evolution 1, magic shield, magic
regeneration, MP-powered wands
a: Heroism, Renounce Religion, Evoke Blink, Evoke Berserk Rage


You were on level 9 of the Dungeon.
You worshipped Okawaru.
Okawaru was aware of your devotion.
You were hungry.

You visited 1 branch of the dungeon, and saw 9 of its levels.

You collected 438 gold pieces.
You spent 330 gold pieces at shops.

Inventory:

Hand Weapons
 a - a cursed -3 mace
 e - a +3 quarterstaff of chaos (weapon)
Missiles
 d - 3 throwing nets (quivered)
Armour
 b - a +0 leather armour
 m - a +1 cloak
 s - the +0 cloak "Asuo" (worn) {rElec rN+ SInv}
   (You found it on level 8 of the Dungeon)

   It insulates you from electricity.
   It protects you from negative energy.
   It lets you see invisible.
 y - the +0 leather armour of the Trilobite (worn) {+Blink Int+2}
   (You bought it in a shop on level 8 of the Dungeon)

   It affects your intelligence (+2).
   It lets you blink.
Jewellery
 c - an uncursed amulet of the acrobat
 r - an amulet of rage (around neck)
 w - a ring of stealth (left hand)
Wands
 i - a wand of polymorph (11)
Scrolls
 g - 2 scrolls of blinking
 h - a scroll of immolation
 j - 2 scrolls of teleportation
 k - 3 scrolls of identify
 l - 3 scrolls of remove curse
 o - a scroll of enchant armour
 q - a scroll of acquirement
 t - a scroll of fear
 u - a scroll of fog {unknown}
Comestibles
 f - 13 rations
 p - 3 chunks of flesh


   Skills:
 + Level 5.9 Fighting
 + Level 9.0 Staves
 + Level 1.9 Throwing
 + Level 3.9 Armour
 + Level 4.9 Dodging
 + Level 4.8 Stealth


You had 8 spell levels left.
You didn't know any spells.
Your spell library contained the following spells:

 Spells                   Type           Power        Failure   Level  Hunger
 Magic Dart               Conj           #...         38%         1    ##.....
 Shock                    Conj/Air       #...         38%         1    ##.....
 Summon Small Mammal      Summ           #...         38%         1    ##.....
 Blink                    Tloc           N/A          54%         2    ###....
 Call Imp                 Summ           #.......     54%         2    ###....
 Slow                     Hex            #.......     54%         2    ###....
 Swiftness                Chrm/Air       #.......     54%         2    ###....
 Call Canine Familiar     Summ           #.......     77%         3    ####...
 Conjure Flame            Conj/Fire      #.......     77%         3    ####...
 Mephitic Cloud           Conj/Pois/Air  #.......     77%         3    ####...
 Static Discharge         Conj/Air       #.......     77%         3    ####...
 Summon Guardian Golem    Hex/Summ       #.......     77%         3    ####...
 Airstrike                Air            #.........   99%         4    #####..
 Summon Ice Beast         Ice/Summ       #.......     99%         4    #####..
 Summon Lightning Spire   Summ/Air       #.......     99%         4    #####..
 Bolt of Magma            Conj/Fire/Erth #.........   100%        5    ######.
 Iskenderun's Battlesphe  Conj/Chrm      #.......     100%        5    ######.
 Lightning Bolt           Conj/Air       #.........   100%        5    ######.
 Venom Bolt               Conj/Pois      #.........   100%        5    ######.
 Iron Shot                Conj/Erth      #.........   100%        6    #######
 Orb of Destruction       Conj           #.........   100%        7    #######
 Spellforged Servitor     Conj/Summ      #.........   100%        7    #######


Dungeon Overview and Level Annotations

Branches:
Dungeon (9/15)             Temple (0/1) D:4
   Lair: D:8-11         Orc: D:9-12

Altars:
Cheibriados
Dithmenos
Fedhas
Okawaru
Ru
Vehumet
Xom
Zin

Shops:
D:8 *

Annotations:
D:3 2 runed translucent doors, zyhmos's ghost, amateur TrBe
D:7 2 transporters
Abyss:1 Natasha


Innate Abilities, Weirdness & Mutations

You have a pair of horns on your head.
You are partially covered in rugged brown scales. (AC +1, +3% HP)
When hurt, damage is shared between your health and your magic reserves.
You regenerate magic rapidly.
You evolve.
You expend magic power (3 MP) to strengthen your wands.


Message History

You sock the jackal!
You kill the jackal!
Okawaru accepts your kill.
You closely miss the jackal. You headbutt the jackal.
The jackal is moderately wounded.
You feel sick. The jackal bites you.
* * * LOW HITPOINT WARNING * * *
You bump into the rock wall.
The killer bee stings you.
The jackal bites you but does no damage.
You bump into the rock wall.
The killer bee barely misses you. The jackal barely misses you.
You aren't carrying any potions.
You're too confused!
You sock the jackal! Lightning courses through the jackal!
You kill the jackal!
Okawaru accepts your kill. The killer bee barely misses you.
The jelly hits you.
* * * LOW HITPOINT WARNING * * *
You are splashed with acid!
You die...

...........
.........
....... .....
#... #.y# #.#
######y#
###....y@#
....#.#.J######
..............#
...$#.#)<######
.........#
.........#
..........
..........
...........


You could see a jelly and 3 killer bees.

Vanquished Creatures
  2 wyverns
  2 sky beasts
  An ice beast (D:7)
  An orc warrior (D:8)
  A black bear (D:8)
  4 ogres
  A phantom (D:7)
  A crocodile (D:8)
  5 bullfrogs (D:6)
  2 scorpions (D:6)
  8 wights
  A crimson imp (D:7)
  A hound (D:5)
  2 bullfrog skeletons
  A gnoll shaman (D:7)
  3 orc priests
  A jelly (D:5)
  Crazy Yiuf (D:2)
  Terence (D:3)
  3 iguanas
  Natasha (D:3)
  6 orc wizards
  8 worker ants
  A hound skeleton (D:4)
  Robin (D:4)
  4 gnolls (D:7)
  13 adders
  2 shadow imps
  2 oozes
  An adder skeleton (D:3)
  An adder zombie (D:8)
  2 worms
  3 dart slugs (D:2)
  9 leopard geckos
  18 orcs
  7 giant cockroaches
  13 goblins
  7 hobgoblins
  9 jackals
  5 kobolds
  3 quokkas
  9 bats
  3 frilled lizards
  A giant cockroach zombie (D:5)
  2 leopard gecko zombies (D:7)
  A quokka zombie (D:7)
  8 rats
  A bush (D:2)
183 creatures vanquished.

Vanquished Creatures (collateral kills)
  A bullfrog skeleton (D:8)
1 creature vanquished.

Vanquished Creatures (others)
  An orc (D:7)
1 creature vanquished.

Grand Total: 185 creatures vanquished

Notes
Turn   | Place    | Note
-------+----------+-------------------------------------------
     0 | D:1      | Marnok the Demonspawn Gladiator began the quest for the
                  | Orb.
     0 | D:1      | Reached XP level 1. HP: 16/16 MP: 1/1
   553 | D:1      | Gained mutation: When hurt, damage is shared between your
                  | health and your magic reserves. [demonic ancestry]
   553 | D:1      | Reached XP level 2. HP: 22/22 MP: 2/2
   897 | D:1      | Reached skill level 3 in Staves
  1210 | D:2      | Gained mutation: You are partially covered in rugged brown
                  | scales. (AC +1, +3% HP) [demonic ancestry]
  1210 | D:2      | Reached XP level 3. HP: 22/28 MP: 3/3
  1217 | D:2      | Found a shadowy altar of Dithmenos.
  1475 | D:2      | Found a shimmering altar of Xom.
  1512 | D:2      | Reached XP level 4. HP: 33/35 MP: 4/4
  1552 | D:2      | Found a glowing silver altar of Zin.
  1664 | D:2      | Reached skill level 1 in Armour
  1861 | D:2      | Found a runed translucent door.
  1862 | D:2      | Noticed Crazy Yiuf
  1870 | D:2      | Killed Crazy Yiuf
  1870 | D:2      | Reached skill level 4 in Staves
  1921 | D:3      | Noticed Natasha
  1929 | D:3      | Killed Natasha
  1929 | D:3      | Gained mutation: You regenerate magic rapidly. [demonic
                  | ancestry]
  1929 | D:3      | Reached XP level 5. HP: 36/41 MP: 3/5
  2001 | D:3      | Found a large runed translucent door.
  2001 | D:3      | Found a large runed translucent door.
  2005 | D:3      | Noticed zyhmos's ghost (amateur TrBe)
  2026 | D:3      | Noticed Terence
  2037 | D:3      | Killed Terence
  2267 | D:3      | Found a snail-covered altar of Cheibriados.
  2285 | D:3      | Noticed Natasha
  2292 | D:3      | Banished Natasha
  2746 | D:4      | Noticed Robin
  2763 | D:4      | Gained mutation: You have a pair of small horns on your
                  | head. [demonic ancestry]
  2763 | D:4      | Reached XP level 6. HP: 44/48 MP: 4/6
  2774 | D:4      | Killed Robin
  2820 | D:4      | Reached skill level 1 in Stealth
  2915 | D:4      | Reached skill level 5 in Staves
  2963 | D:4      | Reached XP level 7. HP: 53/53 MP: 7/7
  2969 | D:4      | Found a blossoming altar of Fedhas.
  3170 | D:4      | Found a staircase to the Ecumenical Temple.
  3339 | D:5      | Entered Level 5 of the Dungeon
  3454 | D:5      | Found a sacrificial altar of Ru.
  3477 | D:5      | Reached skill level 6 in Staves
  3925 | D:6      | Noticed a wyvern
  3925 | D:6      | a bullfrog changed into a wyvern
  3926 | D:6      | Killed a wyvern
  3926 | D:6      | Gained mutation: You have a pair of horns on your head.
                  | [demonic ancestry]
  3926 | D:6      | Reached XP level 8. HP: 58/61 MP: 6/8
  4141 | D:6      | Reached skill level 7 in Staves
  4362 | D:6      | Found a radiant altar of Vehumet.
  4616 | D:7      | Reached skill level 5 in Fighting
  4883 | D:7      | Reached XP level 9. HP: 70/70 MP: 9/9
  5025 | D:7      | Reached skill level 8 in Staves
  5256 | D:7      | Found an iron altar of Okawaru.
  5270 | D:7      | Became a worshipper of Warmaster Okawaru
  5343 | D:7      | Found a transporter.
  5350 | D:7      | Noticed an orc sorcerer
  5366 | D:7      | Found a transporter.
  5377 | D:7      | Noticed a kobold demonologist
  5443 | D:8      | Found Urphoiv's Assorted Antiques.
  5459 | D:8      | Bought a smelly leather armour for 231 gold pieces
  5459 | D:8      | Bought a scroll of teleportation for 99 gold pieces
  5469 | D:8      | Identified the +0 leather armour of the Trilobite {+Blink
                  | Int+2} (You bought it in a shop on level 8 of the Dungeon)
  5823 | D:7      | Gained mutation: You expend magic power (3 MP) to
                  | strengthen your wands. [potion of mutation]
  5823 | D:7      | Gained mutation: You evolve. [potion of mutation]
  6116 | D:8      | Got an encrusted cloak
  6127 | D:8      | Identified the +0 cloak "Asuo" {rElec rN+ SInv} (You found
                  | it on level 8 of the Dungeon)
  6184 | D:8      | Reached * piety under Okawaru
  6255 | D:8      | Reached skill level 9 in Staves
  6259 | D:8      | Identified 3 scrolls of acquirement
  6296 | D:9      | HP: 3/71 [poisoned by an orc warrior]
  6301 | D:9      | HP: 3/71 [poisoned by an orc warrior]
  6305 | D:9      | HP: 1/71 [jelly (1)]
  6305 | D:9      | Splashed by a jelly's acid

Skill      XL: |  1  2  3  4  5  6  7  8  9 |
---------------+----------------------------+-----
Staves         | 3 4 5 6 7 9 |  9.0
Dodging        | 3 4 |  4.9
Armour         | 1 2 3 |  3.9
Fighting       | 3 4 5 |  5.9
Stealth        | 1 2 3 4 |  4.8
Throwing       | |  1.9

Action                   |  1- 3 |  4- 6 |  7- 9 || total
-------------------------+-------+-------+-------++-------
Melee: Quarterstaff      |   105 |   191 |   264 ||   560
       Headbutt          |       |     5 |    55 ||    60
  Use: Scroll            |     1 |     5 |    11 ||    17
       Potion            |       |     3 |    12 ||    15
 Stab: Sleeping          |     2 |       |     8 ||    10
       Petrified         |       |     1 |     1 ||     2
       Paralysed         |       |       |     3 ||     3
       Petrifying        |       |       |     1 ||     1
       Invisible         |       |       |     1 ||     1
  Eat: Chunk             |     2 |     5 |    10 ||    17
Armor: Leather armour    |    30 |    44 |    54 ||   128
Dodge: Dodged            |    81 |   123 |   205 ||   409
